 Dungeon Crawl Stone Soup version 0.30.1-9-gdf580d7c3d (webtiles) character file.

Game seed: 7006307542974793009

10326 Cheops the Destroyer (level 11, -2/81 HPs)
             Began as a Naga Fire Elementalist on Oct 11, 2023.
             Was a Priest of Cheibriados.
             Slain by a cyan ugly thing (14 damage)
             ... on level 11 of the Dungeon.
             The game lasted 01:05:58 (20138 turns).

Cheops the Destroyer (Naga Fire Elementalist)      Turns: 20138, Time: 01:05:59

Health: -2/81      AC: 12    Str: 17    XL:     11   Next: 60%
Magic:  4/16       EV: 11    Int: 25    God:    Cheibriados [***...]
Gold:   897        SH:  5    Dex: 18    Spells: 4/16 levels left

rFire   . . .        a - +1 morningstar (flame)
rCold   . . .        (no shield)
rNeg    . . .        g - +0 steam dragon scales
rPois   +            P - +1 helmet
rElec   .            O - +2 cloak
rCorr   .            j - +0 pair of gloves
SInv    +            (no barding)
Will    ++...        q - amulet of reflection
Stlth   +++          w - +4 ring of slaying
HPRegen 0.33/turn    e - ring of willpower
MPRegen 0.15/turn

%: reflection
@: very slow
A: AC +3, large, see invisible, deformed body, poison resistance, slowness 2,
spit poison 1, naga tail 1
a: Spit Poison, Renounce Religion, Bend Time, Temporal Distortion


You were on level 11 of the Dungeon.
You worshipped Cheibriados.
Cheibriados was most pleased with you.
You visited 2 branches of the dungeon, and saw 12 of its levels.
You also visited: Ossuary.

You collected 897 gold pieces.

Inventory:

Hand Weapons
 a - a +1 morningstar of flaming (weapon)
 b - a +1 mace of holy wrath
Missiles
 A - a throwing net
Armour
 g - +0 steam dragon scales (worn)
 j - a +0 pair of gloves (worn)
 O - a +2 cloak (worn)
 P - a +1 helmet (worn)
Jewellery
 e - a ring of willpower (right hand)
 q - an amulet of reflection (around neck)
 v - an amulet of faith
 w - a +4 ring of slaying (left hand)
 E - a ring of flight
 H - a ring of ice
 I - a ring of protection from cold
 K - a +6 ring of dexterity
Wands
 m - a wand of charming (12)
Scrolls
 f - a scroll of silence {unknown}
 i - 4 scrolls of fog
 o - 4 scrolls of amnesia
 s - 5 scrolls of enchant weapon
 u - 2 scrolls of torment
 x - 3 scrolls of blinking
 y - 4 scrolls of teleportation
 z - 5 scrolls of immolation
 B - a scroll of vulnerability
 D - a scroll of brand weapon
 L - a scroll of fear
 N - a scroll of poison {unknown}
Potions
 c - 3 potions of haste {unknown}
 d - 3 potions of invisibility {unknown}
 h - 12 potions of curing {unknown}
 k - 2 potions of magic
 l - a potion of attraction {unknown}
 n - 5 potions of heal wounds
 p - 2 potions of cancellation {unknown}
 r - a potion of might
 t - 2 potions of flight
 C - 5 potions of mutation {unknown}
 F - a potion of berserk rage
 G - 2 potions of degeneration {unknown}
 J - 2 potions of lignification


   Skills:
 + Level 3.5 Maces & Flails
 - Level 3.0 Dodging
 - Level 5.0 Stealth
 - Level 3.0 Spellcasting
 - Level 11.0 Conjurations
 - Level 10.0 Fire Magic
 - Level 6.0 Earth Magic
 - Level 7.0 Invocations
 - Level 0.9 Evocations


You had 4 spell levels left.
You knew the following spells:

 Your Spells              Type           Power      Damage    Failure   Level
a - Foxfire               Conj/Fire      100%       2x1d9     1%          1
b - Scorch                Fire           100%       2d9       1%          2
c - Stone Arrow           Conj/Erth      92%        3d12      1%          3
w - Flame Wave            Conj/Fire      54%        2d13      1%          4
P - Passwall              Tmut/Erth      15%        N/A       4%          2

Your spell library contained the following spells:

 Spells                   Type           Power      Damage    Failure   Level
 Kiss of Death            Conj/Necr      100%       2d13      1%          1
 Sandblast                Erth           66%        2d15      1%          1
 Shock                    Conj/Air       100%       1d9       1%          1
 Inner Flame              Hex/Fire       28%        N/A       3%          3
 Volatile Blastmotes      Fire/Tloc      56%        2d14      3%          3
 Apportation              Tloc           6%         N/A       10%         1
 Necrotise                Necr           12%        1d4       10%         1
 Summon Small Mammal      Summ           12%        N/A       10%         1
 Cigotuvi's Dreadful Rot  Necr/Pois/Air  6%         N/A       16%         2
 Ensorcelled Hibernation  Hex/Ice        6%         N/A       16%         2
 Lesser Beckoning         Tloc           6%         N/A       16%         2
 Confusing Touch          Hex            3%         N/A       30%         3
 Gell's Gravitas          Tloc           3%         N/A       30%         3
 Spider Form              Tmut/Pois      3%         N/A       30%         3
 Swiftness                Air            3%         N/A       30%         3
 Teleport Other           Tloc           3%         N/A       30%         3
 Vampiric Draining        Necr           3%         2d6       30%         3
 Airstrike                Air            1%         2d(1-17)  69%         4
 Anguish                  Hex/Necr       1%         N/A       69%         4
 Dispel Undead            Necr           3%         3d7       69%         4
 Agony                    Necr           3%         N/A       95%         5


Dungeon Overview and Level Annotations

Branches:
Dungeon (11/15)            Temple (1/1) D:4            Lair (0/5) D:10
Ossuary (visited)
    Orc: D:9-12

Altars:
Ashenzari
Cheibriados
Dithmenos
Elyvilon
Fedhas
Gozag
Hepliaklqana
Kikubaaqudgha
Makhleb
Nemelex Xobeh
Okawaru
Qazlal
Ru
Sif Muna
Trog
Uskayaw
Vehumet
Wu Jian
Xom
Yredelemnul
Zin
The Shining One

Shops:
D:9 [   D:10 :


Innate Abilities, Weirdness & Mutations

Your serpentine skin is tough. (AC +3)
You have supernaturally acute eyesight. (SInv)
Armour fits poorly on your strangely shaped body.
Your system is resistant to poisons. (rPois)
You cover ground very slowly.
You can spit poison.
You have a snake-like lower body.


Message History

The quasit closely misses you. You block the quasit's attack.
The kobold demonologist hits you but does no damage.
The cyan ugly thing kicks you. The cyan ugly thing shocks you!
You block the quasit's attack.
The quasit claws you but does no damage.
The quasit barely misses you.
A wave of flame ripples out!
The flame wave engulfs the quasit.
The quasit resists.
The quasit is severely wounded.
The flame wave engulfs the kobold demonologist!
You kill the kobold demonologist!
Cheibriados appreciates the change of pace.
The quasit disappears in a puff of smoke!
The flame wave engulfs the cyan ugly thing!
The cyan ugly thing is severely wounded.
You finish channelling waves of flame.
The cyan ugly thing kicks you. The cyan ugly thing shocks you!
* * * LOW HITPOINT WARNING * * *
Casting: Flame Wave (mildly dangerous; 1% risk of failure)
Confirm with . or Enter, or press ? or * to list all spells.
Flames lash the cyan ugly thing.
The cyan ugly thing is severely wounded.
The cyan ugly thing's fire resistance burns away.
The cyan ugly thing kicks you!
* * * LOW HITPOINT WARNING * * *
The cyan ugly thing shocks you!
* * * LOW HITPOINT WARNING * * *
Casting: Scorch (safe; 1% risk of failure)
Confirm with . or Enter, or press ? or * to list all spells.
Casting: Flame Wave (mildly dangerous; 1% risk of failure)
Press: ? - help, Dir - look around, f - activate A wave of flame ripples out!
The flame wave engulfs the cyan ugly thing!
The cyan ugly thing is burned terribly!
The cyan ugly thing is almost dead. (Press . to intensify the flame waves.)
The cyan ugly thing kicks you.
* * * LOW HITPOINT WARNING * * *
The cyan ugly thing shocks you!
You die...

#.# #######.####### #..# #.#
#........)....# #..# #.#
#.#####.#####.# #..# #######.#
#.#####.#####.# #..#
........####.#####.#####.####..##
..............####.####....<.....
##########.[.....................
#.......................
#.....u@................
#.....).................
#.......................
####.....................>.
...........................
..5......>............(.....
...5.)(.........)...........
####..############..####### #..#
#..#


You could see a cyan ugly thing (combustible).

Vanquished Creatures
  Erica (D:8)
  A two-headed ogre (D:11)
  An elephant (D:10)
  Maggie (D:8)
  3 kobold demonologists
  Psyche (D:9)
  An unseen horror (D:10)
  A hornet (D:11)
  Eustachio (D:4)
  15 yaks
  2 wyverns (D:10)
  A basilisk (D:10)
  4 water moccasins
  4 orc warriors
  3 sky beasts
  2 ice beasts
  2 black bears
  2 centaurs
  7 phantoms
  2 kobold brigands
  4 bullfrogs
  2 gnoll sergeants
  4 scorpions
  3 wights (D:9)
  2 howler monkeys (D:8)
  A crimson imp (D:4)
  2 bullfrog zombies (D:5)
  4 hounds
  3 jellies
  3 orc priests
  3 sleepcaps
  5 iguanas
  8 orc wizards
  8 mummies (Ossuary)
  14 gnolls
  6 adders
  A shadow imp (D:8)
  3 white imps
  An ufetubus (D:4)
  An adder zombie (D:5)
  An adder skeleton (D:5)
  A worm (D:2)
  A dart slug (D:1)
  25 orcs
  14 ball pythons
  10 endoplasms
  2 giant cockroaches (D:3)
  4 gnoll zombies (Ossuary)
  7 goblins
  7 hobgoblins
  4 jackals (D:1)
  5 quokkas
  6 bats
  3 frilled lizards
  A hobgoblin zombie (Ossuary)
  17 kobolds
  3 orc zombies (Ossuary)
  4 rats
248 creatures vanquished.

Vanquished Creatures (collateral kills)
  A foxfire (D:6)
1 creature vanquished.

Vanquished Creatures (others)
  An angel (D:5)
  A yak (D:8)
  810 foxfires
812 creatures vanquished.

Grand Total: 1061 creatures vanquished

Notes
Turn   | Place    | Note
-------+----------+-------------------------------------------
     0 | D:1      | Cheops the Naga Fire Elementalist began the quest for the
                  | Orb.
     0 | D:1      | Reached XP level 1. HP: 15/15 MP: 3/3
   248 | D:1      | Reached XP level 2. HP: 16/22 MP: 2/5
   591 | D:1      | Reached XP level 3. HP: 22/28 MP: 3/7
   596 | D:1      | Learned a level 2 spell: Scorch
   736 | D:1      | Reached skill level 2 in Conjurations
  1557 | D:2      | Found a faded altar of an unknown god.
  1801 | D:3      | Reached XP level 4. HP: 36/36 MP: 5/8
  1905 | D:3      | Reached skill level 3 in Conjurations
  1910 | D:3      | Learned a level 4 spell: Flame Wave
  1996 | D:3      | Found a basalt altar of Yredelemnul.
  2278 | D:3      | Found a shadowy altar of Dithmenos.
  2420 | D:4      | Noticed a scorpion
  2426 | D:4      | Killed a scorpion
  2427 | D:4      | Reached XP level 5. HP: 42/42 MP: 2/9
  2535 | D:4      | Reached skill level 4 in Conjurations
  2622 | D:4      | Reached XP level 6. HP: 45/49 MP: 7/10
  2890 | D:4      | Found a staircase to the Ecumenical Temple.
  2903 | D:4      | Reached skill level 5 in Fire Magic
  2905 | Temple   | Entered the Ecumenical Temple
  3382 | D:4      | Noticed Eustachio
  3395 | D:4      | Killed Eustachio
  3396 | D:4      | Reached skill level 5 in Conjurations
  3396 | D:4      | Reached XP level 7. HP: 46/55 MP: 1/11
  3695 | D:5      | Entered Level 5 of the Dungeon
  3835 | D:5      | Reached skill level 6 in Conjurations
  3876 | D:5      | Found a shimmering altar of Xom.
  3876 | D:5      | Noticed an angel
  3880 | D:5      | Found a glowing silver altar of Zin.
  4143 | D:5      | Reached XP level 8. HP: 32/62 MP: 2/12
  4486 | D:5      | Reached skill level 7 in Conjurations
  4640 | D:5      | Killed an angel
  4708 | D:5      | Reached skill level 8 in Conjurations
  4973 | D:5      | Found a hazy altar of Hepliaklqana.
  5091 | D:5      | Reached XP level 9. HP: 68/68 MP: 8/13
  5241 | D:5      | Found an opulent altar of Gozag.
  6827 | D:7      | Reached skill level 9 in Conjurations
  6969 | D:7      | Found a snail-covered altar of Cheibriados.
  6990 | D:7      | Became a worshipper of Cheibriados the Contemplative
  7051 | D:7      | Found a burning altar of Makhleb.
  7051 | D:7      | Found an iron altar of Okawaru.
  7052 | D:7      | Found a white marble altar of Elyvilon.
  7056 | D:7      | Found an ancient bone altar of Kikubaaqudgha.
  7726 | D:7      | Reached skill level 5 in Stealth
  7726 | D:7      | Reached skill level 1 in Invocations
  7805 | D:7      | Found a bloodstained altar of Trog.
  7912 | D:6      | Learned a level 2 spell: Passwall
  7950 | D:7      | Found a shimmering blue altar of Sif Muna.
  7954 | D:7      | Got Sif Muna's Precepts of Poisoning
  8810 | D:2      | Found a faded altar of an unknown god.
  9219 | D:3      | Found a shadowy altar of Dithmenos.
  9332 | D:3      | Found a basalt altar of Yredelemnul.
  9510 | D:4      | Found a staircase to the Ecumenical Temple.
 10000 | D:5      | Found a glowing silver altar of Zin.
 10002 | D:5      | Found a shimmering altar of Xom.
 10214 | D:5      | Found a hazy altar of Hepliaklqana.
 10270 | D:5      | Found an opulent altar of Gozag.
 10948 | D:7      | Found a snail-covered altar of Cheibriados.
 10996 | D:7      | Found a burning altar of Makhleb.
 10998 | D:7      | Found an iron altar of Okawaru.
 11010 | D:7      | Found a white marble altar of Elyvilon.
 11105 | D:7      | Found an ancient bone altar of Kikubaaqudgha.
 11315 | D:7      | Found a bloodstained altar of Trog.
 11321 | D:7      | Found a shimmering blue altar of Sif Muna.
 11683 | D:8      | Found a blossoming altar of Fedhas.
 11707 | D:8      | Found a sand-covered staircase.
 11722 | Ossuary  | Entered an ossuary
 11934 | Ossuary  | Reached skill level 1 in Maces & Flails
 12200 | D:8      | Reached * piety under Cheibriados
 12201 | D:8      | Reached XP level 10. HP: 74/75 MP: 6/14
 12352 | D:8      | Noticed Maggie
 12370 | D:8      | Killed Maggie
 12371 | D:8      | Reached skill level 5 in Invocations
 12569 | D:8      | Noticed Erica
 12598 | D:8      | HP: 1/75 [Erica/+4 scimitar of flaming (5)]
 12599 | D:8      | Killed Erica
 13876 | D:9      | Found Dedufi's Antique Armour Shoppe.
 14295 | D:8      | Reached skill level 10 in Fire Magic
 14299 | D:8      | Learned a level 3 spell: Stone Arrow
 14444 | D:8      | Reached skill level 1 in Earth Magic
 14573 | D:9      | Reached ** piety under Cheibriados
 15074 | D:8      | Found a blossoming altar of Fedhas.
 15765 | D:9      | Reached skill level 5 in Earth Magic
 15938 | D:9      | You fall into a shaft and drop 2 floors!
 15992 | D:11     | Reached XP level 11. HP: 69/81 MP: 7/16
 16143 | D:11     | Noticed a cyan ugly thing
 16204 | D:11     | Noticed a two-headed ogre
 16209 | D:11     | Killed a two-headed ogre
 16275 | D:10     | Entered Level 10 of the Dungeon
 16352 | D:10     | Found a staircase to the Lair.
 16511 | D:10     | Reached skill level 10 in Conjurations
 16863 | D:9      | Noticed Psyche
 17436 | D:9      | Killed Psyche
 17653 | D:9      | Found Dedufi's Antique Armour Shoppe.
 18958 | D:10     | Found Kuetucw's Vocational Training.
 19839 | D:11     | Noticed a soul eater
 19841 | D:11     | Noticed a sun demon
 19845 | D:11     | Reached *** piety under Cheibriados
 19846 | D:11     | Reached skill level 11 in Conjurations
 20138 | D:11     | Slain by a cyan ugly thing

Illustrated notes

Levels and vault maps discovered:
D:1:      dpeg_arrival_simpleton_c, layout_loops_ring
D:2:      layout_rooms, nicolae_ecumenical_snake_handling,
          roderic_serpentine_path
D:3:      layout_rooms, lemuel_doored_altar, marbit_many_paths
D:4:      layout_cave_pools, minmay_temple_entry_statues_fountains,
          minmay_fire_ice_demons, uniq_eustachio
D:5:      layout_basic, mainiacjoe_overflow_alcove_1, general_overflow_altar,
          grunt_temple_overflow_order_and_chaos_1, serial_undead,
          serial_undead_a, serial_undead_e, serial_undead_a, serial_undead_a,
          grunt_decor_one_mirror
D:6:      layout_basic
D:7:      layout_basic, nzn_overflow_gifts_of_might_and_magic,
          mainiacjoe_overflow_cross_hatched,
          chequers_temple_overflow_statue_of_worship, feat_on_display
D:8:      layout_basic, mainiacjoe_overflow_concentric_impassable,
          nicolae_ossuary_entry_ruins, corner_web_ring, uniq_maggie, uniq_erica
D:9:      layout_basic, serial_shops, shop, uniq_psyche
D:10:     layout_stronghold, david_lair_generic, minivault_27,
          nicolae_shop_vocational
D:11:     layout_long_grid, reono_crystal_passage
Temple:   hellmonk_temple_of_storms

Skill      XL: |  1  2  3  4  5  6  7  8  9 10 11 |
---------------+----------------------------------+-----
Spellcasting   | 3 |  3.0
Conjurations   | 2 3 4 5 6 8 9 11 | 11.0
Fire Magic     | 4 5 6 8 9 10 | 10.0
Dodging        | 3 |  3.0
Stealth        | 5 |  5.0
Invocations    | 3 7 |  7.0
Maces & Flails | 1 2 3 |  3.5
Earth Magic    | 5 6 |  6.0
Evocations     | |  0.9

Action                     |  1- 3 |  4- 6 |  7- 9 | 10-12 || total
---------------------------+-------+-------+-------+-------++-------
  Melee: Dagger            |     7 |    10 |    34 |       ||    51
         Mace              |    11 |    11 |     2 |     4 ||    28
         Punch             |       |     2 |       |       ||     2
         Morningstar       |       |       |       |    20 ||    20
   Cast: Foxfire           |    57 |    89 |   218 |    89 ||   453
         Scorch            |       |       |    56 |    73 ||   129
         Flame Wave        |       |       |     1 |    18 ||    19
         Stone Arrow       |       |       |       |     4 ||     4
         Passwall          |       |       |       |     1 ||     1
Ability: Spit Poison       |     2 |       |     3 |     1 ||     6
  Evoke: Wand              |       |       |       |     2 ||     2
    Use: Scroll            |       |       |    17 |     4 ||    21
   Stab: Distracted        |       |       |     1 |       ||     1
         Sleeping          |       |       |     1 |       ||     1
 Armour: Robe              |     6 |    15 |    28 |       ||    49
         Steam dragon scal |       |       |       |    70 ||    70
  Dodge: Dodged            |    22 |    24 |    28 |    99 ||   173
  Block: Other             |       |       |    16 |    51 ||    67
         Reflection        |       |       |     2 |     6 ||     8
